Map: 백워터 - 래더

Players

GuMiho

  • Race: Terran Terran
  • Spawn Location: 11:00

TYTY (TY) - Winner!

  • Race: Terran Terran
  • Spawn Location: 5:00

Event: IEM Season 12 - Katowice

VOD

Have the link to the VOD?

Description

Time

  • Played on: March 1, 2018, 7:28 a.m.
  • Length: 24:13

All games in this series

Show
View Real Time Build Order
Export as new Build Order

GuMiho Terran 

Build Orders: Cyclone Opening, Bio Tank 

Get SALT Encoding   

  12  0:00  SCV  
  13  0:12  SCV  
  14  0:18  Supply Depot  
  14  0:24  SCV  
  14  0:28  Refinery  
  15  0:39  SCV  
  16  0:44  Barracks  
  16  0:51  SCV  
  16  0:55  Refinery  
  17  1:03  SCV  
  18  1:16  SCV  
  19  1:31  Reaper, Orbital Command  
  20  1:34  Factory  
  20  1:42  Supply Depot  
  20  1:56  SCV  
  21  2:03  Reaper  
  21  2:08  SCV  
  23  2:17  Command Center  
  23  2:21  Hellion  
  25  2:24  SCV  
  26  2:33  Supply Depot  
  26  2:36  Barracks Reactor  
  26  2:37  SCV  
  27  2:44  Cyclone  
  27  2:49  SCV  
  31  2:59  Starport  
  31  3:01  SCV  
  32  3:15  SCV  
  32  3:17  Marine x2  
  32  3:18  Factory Tech Lab  
  34  3:27  SCV  
  34  3:31  Orbital Command  
  35  3:34  Marine x2  
  35  3:39  SCV  
  38  3:44  Raven  
  38  3:46  Factory Tech Lab  
  40  3:51  SCV  
  40  3:52  Marine x2  
  43  3:57  SCV  
  44  4:04  SCV  
  45  4:12  Command Center  
  45  4:13  Siege Tank  
  45  4:16  SCV x2  
  50  4:20  Supply Depot  
  50  4:24  Refinery  
  50  4:25  Refinery  
  50  4:28  SCV x2  
  52  4:31  Viking  
  54  4:41  SCV x2  
  59  4:53  SCV x2  
  60  5:01  Supply Depot  
  60  5:03  Raven  
  60  5:05  SCV x2  
  62  5:19  Engineering Bay  
  62  5:22  SCV x2  
  62  5:23  Engineering Bay  
  62  5:24  Supply Depot  
  62  5:25  Orbital Command  
  62  5:28  Siege Tank  
  67  5:34  SCV x2  
  68  5:35  Barracks Tech Lab  
  68  5:38  Supply Depot  
  68  5:46  SCV x2, Barracks  
  70  5:50  Terran Infantry Armor Level 1, Barracks, Terran Infantry Weapons Level 1  
  70  5:53  SCV  
  71  5:59  Starport Reactor, SCV x2, Marine  
  71  6:01  Siege Tank, Stimpack  
  77  6:06  Bunker  
  77  6:07  SCV  
  77  6:11  SCV  
  79  6:14  SCV  
  79  6:16  Refinery  
  79  6:17  Refinery  
  80  6:18  Marine  
  80  6:19  SCV  
  80  6:22  Sensor Tower  
  82  6:27  SCV x2  
  84  6:33  Siege Tank  
  84  6:36  Marine  
  84  6:37  SCV  
  84  6:39  SCV x2  
  91  6:46  Marine x2  
  92  6:49  SCV  
  92  6:50  Sensor Tower  
  92  6:51  SCV  
  92  6:54  Marine  
  92  6:55  Marine  
  92  6:56  Combat Shields  
  92  6:58  Medivac x2  
  98  7:02  SCV x2  
  98  7:03  SCV  
  98  7:06  Supply Depot  
  101  7:09  Marine x2  
  101  7:10  Armory  
  101  7:11  Supply Depot  
  101  7:12  Supply Depot, Siege Tank  
  101  7:13  Supply Depot  
  101  7:14  SCV x2  
  101  7:15  SCV  
  109  7:19  Missile Turret  
  109  7:27  Marine x3  
  109  7:29  Marine  
  113  7:30  Medivac x2  
  113  7:35  SCV x3  
  120  7:37  Sensor Tower  
  120  7:43  Barracks  
  120  7:45  Sensor Tower, Marine x2  
  120  7:47  SCV x3  
  120  7:50  Marine x2  
  120  7:51  Siege Tank  
  130  8:01  Missile Turret  
  130  8:02  Viking x2, Marine x2  
  134  8:13  Terran Infantry Armor Level 2, Terran Infantry Weapons Level 2  
  134  8:14  Terran Vehicle Weapons Level 1, Barracks  
  134  8:18  Missile Turret  
  134  8:21  Missile Turret  
  134  8:22  Marine x3  
  134  8:23  Marine  
  138  8:35  Viking  
  138  8:36  Barracks Reactor  
  138  8:38  Command Center  
  140  8:42  Marine  
  140  8:48  Factory  
  141  8:54  Supply Depot, Marine x2, Viking  
  141  8:55  Supply Depot x2, SCV, Siege Tank  
  149  8:57  Supply Depot  
  149  9:00  Barracks Reactor  
  149  9:12  Barracks Reactor  
  149  9:16  SCV x2, Marine x5  
  156  9:23  Supply Depot  
  156  9:24  Supply Depot  
  156  9:25  Supply Depot  
  156  9:26  Missile Turret  
  156  9:27  Missile Turret, Viking x2, Siege Tank  
  163  9:34  Marine  
  163  9:38  Marine x2  
  165  9:41  Marine x2  
  165  9:42  Marine  
  165  9:43  Marine  
  168  9:49  Marine  
  168  9:51  Marine  
  170  9:56  Marine  
  170  9:57  Marine x2  
  170  9:58  Siege Tank  
  170  9:59  Siege Tank, Marine x2  
  179  10:01  Marine x2  
  181  10:07  Medivac x2  
  181  10:11  Terran Vehicle Weapons Level 2  
  181  10:12  Marine x2  
  187  10:21  Sensor Tower  
  187  10:27  Marine x2  
  177  10:28  Marine x2  
  177  10:30  Terran Infantry Armor Level 3, Terran Infantry Weapons Level 3  
  177  10:32  Marine x2, Planetary Fortress  
  174  10:37  Marine x2  
  174  10:42  Marine  
  177  10:45  Marine x2  
  177  10:46  Marine  
  177  10:47  Marine  
  177  10:48  Refinery  
  177  10:49  Marine  
  180  10:50  Marine  
  180  10:51  Viking x2  
  180  10:52  Refinery  
  180  10:53  Siege Tank  
  180  10:55  Marine x2  
  187  11:00  Marine  
  187  11:03  Marine  
  189  11:05  Command Center  
  189  11:07  Starport  
  189  11:08  Starport  
  189  11:11  Missile Turret x2  
  189  11:14  Marine x2  
  191  11:26  Viking  
  191  11:27  Viking  
  191  11:32  Armory  
  189  11:46  Marine x2  
  183  11:47  Marine x3  
  186  11:56  Siege Tank x2  
  186  11:58  Starport Tech Lab x2  
  192  12:03  Starport x2  
  186  12:13  Marine x6  
  186  12:14  Marine  
  186  12:15  Missile Turret, Marine  
  194  12:20  Marine  
  195  12:27  Terran Vehicle And Ship Armor Level 1  
  200  12:40  Raven  
  200  12:41  Corvid Reactor, Command Center  
  199  12:44  Raven  
  199  12:45  Starport Tech Lab  
  199  12:46  Starport Tech Lab  
  190  13:15  Command Center  
  190  13:16  Command Center  
  190  13:19  Raven x2  
  194  13:23  Raven  
  194  13:24  Planetary Fortress  
  196  13:27  Raven  
  198  13:35  Refinery  
  198  13:50  Refinery  
  198  14:02  Raven  
  200  14:03  Missile Turret  
  173  14:23  Raven x3  
  174  14:35  Planetary Fortress  
  174  14:39  Refinery  
  174  14:40  Orbital Command x2  
  174  14:45  Raven  
  176  14:47  Missile Turret  
  176  14:55  Missile Turret  
  176  15:00  Barracks x3  
  176  15:01  Barracks  
  176  15:02  Barracks, Refinery  
  176  15:04  Hi-Sec Auto Tracking, Building Armor  
  176  15:05  Terran Vehicle And Ship Armor Level 2  
  176  15:06  Raven x3  
  182  15:14  Missile Turret  
  182  15:17  Marine  
  182  15:18  Marine x6  
  171  15:27  Raven  
  173  15:33  Sensor Tower, Missile Turret  
  173  15:37  Fusion Core  
  173  15:52  Barracks Reactor x5  
  173  15:53  Raven x3  
  173  15:54  Missile Turret  
  173  15:56  Sensor Tower  
  173  15:57  Marine x7  
  179  15:58  Marine x2  
  179  15:59  Missile Turret  
  179  16:02  Siege Tank  
  179  16:04  Command Center  
  191  16:10  Raven  
  193  16:22  Marine  
  193  16:23  Marine x8  
  196  16:32  Marine x6  
  186  16:34  Marine x3  
  186  16:36  Raven x3  
  186  16:37  Siege Tank  
  199  16:40  Marine  
  200  16:53  Command Center  
  199  17:01  High Capacity Fuel Tanks  
  199  17:02  Advanced Ballistics  
  199  17:04  Terran Ship Weapons Level 1  
  182  17:56  Marine x11  
  182  17:57  Siege Tank, Marine x7  
  175  18:00  Siege Tank  
  175  18:01  Marine  
  175  18:02  Medivac x2  
  175  18:03  Medivac x2  
  183  18:14  Marine x13  
  183  18:19  Marauder  
  191  18:29  Siege Tank  
  191  18:30  Marine x2  
  192  18:39  Marine  
  192  18:40  Marine x2  
  192  18:41  Marine x5, Marauder  
  169  18:42  Marine x3  
  169  18:43  Siege Tank  
  176  18:52  Marine x2  
  176  18:53  Marine x5  
  176  18:54  Medivac x4  
  191  18:57  Marine x2  
  191  19:01  Siege Tank  
  180  19:10  Marine  
  180  19:11  Marine x6  
  180  19:12  Marine x4  
  191  19:17  Marine x2  
  191  19:19  Liberator  
  193  19:25  Command Center  
  193  19:30  Marine  
  194  19:32  Marine x2  
  194  19:36  Marine x3  
  183  19:48  Marine x2  
  183  19:49  Marine x2  
  183  19:50  Marine  
  183  19:51  Marine x2  
  183  19:52  Marine  
  182  19:53  Marine x2  
  182  19:56  Marine x3  
  182  19:58  Marine x2  
  182  19:59  Marine x2  
  170  20:23  Marine x2  
  170  20:25  Marine x2  
  170  20:26  Marine x2  
  170  20:28  Siege Tank x2  
  171  20:37  Marine  
  171  20:39  Marine x5  
  171  20:40  Marine x2  
  171  20:41  Marine x2  
  175  20:43  Marine x4  
  175  20:44  Marine  
  175  20:45  Marine x2  
  175  20:48  Marine x2  
  182  20:57  Marine x3  
  180  20:59  Marine x2  
  180  21:00  Marine  
  181  21:05  Marine x2  
  181  21:06  Marine x2  
  181  21:07  Marine  
  176  21:11  Marine  
  166  21:22  Marine  
  161  21:32  Marine  
  161  21:33  Marine x6  
  161  21:36  Marine  
  169  21:56  Raven x2  
  169  21:58  Raven  
  171  22:14  Orbital Command  
  135  22:29  Marine x3  
  129  22:30  Marine  
  129  22:31  Orbital Command  
  131  22:37  Raven  
  131  22:38  Raven  
  131  22:39  Raven  
  131  22:40  Marine  
  131  22:41  Marine  
  131  22:42  Marine  
  140  22:48  Marine  
  141  22:56  Marine x2  
  143  23:12  Marine x5  
  139  23:16  Marine x2  
  141  23:25  Marine  
  142  23:27  Marine  
  142  23:33  Orbital Command  
  142  23:34  Marine  
  136  23:52  Marine x3  
  136  23:53  Marine  
Show
View Real Time Build Order
Export as new Build Order

TYTY Terran - Winner!

Build Orders: Cyclone Opening, Gas First Reaper Expand, Reaper Expand, Bio Tank 

Get SALT Encoding   

  12  0:00  SCV  
  13  0:12  SCV  
  14  0:19  Supply Depot  
  14  0:24  SCV  
  15  0:29  Refinery  
  15  0:41  SCV  
  16  0:44  Barracks  
  16  0:53  SCV  
  17  1:05  SCV  
  18  1:17  SCV  
  19  1:30  Orbital Command  
  19  1:31  Reaper  
  20  1:42  Command Center  
  20  1:53  Factory  
  20  1:57  SCV  
  21  2:07  Barracks Reactor  
  21  2:11  SCV  
  21  2:12  Supply Depot  
  21  2:15  Refinery  
  22  2:23  SCV  
  23  2:35  SCV  
  24  2:42  Cyclone  
  24  2:43  Marine x2  
  29  2:48  SCV  
  30  2:54  Orbital Command  
  30  3:01  Marine x2  
  30  3:04  SCV  
  33  3:14  Starport  
  33  3:19  Marine x2  
  34  3:21  SCV  
  34  3:24  SCV  
  34  3:25  Factory Tech Lab  
  36  3:28  Bunker  
  36  3:33  SCV  
  37  3:36  Marine  
  37  3:37  Marine  
  37  3:40  SCV  
  40  3:43  Supply Depot  
  40  3:47  SCV  
  41  3:52  SCV  
  41  3:54  Marine  
  44  3:59  Marine, Raven  
  46  4:04  SCV  
  46  4:05  Supply Depot, SCV  
  51  4:16  SCV  
  52  4:18  SCV  
  50  4:25  Command Center  
  50  4:26  Marine x2  
  50  4:28  SCV  
  50  4:29  Factory Tech Lab  
  50  4:30  SCV  
  54  4:33  Supply Depot  
  54  4:40  SCV  
  57  4:48  Siege Tank  
  57  4:50  SCV  
  59  4:53  SCV  
  59  4:55  Marine  
  59  4:56  Stimpack  
  59  4:57  Starport Reactor  
  59  4:58  Barracks  
  59  4:59  Barracks  
  61  5:02  SCV  
  61  5:06  Engineering Bay  
  62  5:09  Engineering Bay  
  62  5:10  SCV  
  62  5:12  Marine  
  64  5:14  Supply Depot, SCV  
  64  5:20  Siege Tank  
  68  5:21  Refinery  
  68  5:22  Refinery  
  68  5:27  SCV  
  68  5:30  Marine  
  69  5:40  Starport Reactor, SCV x2, Orbital Command  
  69  5:41  Terran Infantry Weapons Level 1  
  71  5:45  Marine  
  71  5:46  Marine  
  71  5:48  Marine  
  74  5:50  Terran Infantry Armor Level 1  
  74  5:52  Marine x2  
  74  5:55  SCV x2  
  78  6:01  Supply Depot  
  78  6:03  Siege Tank, Marine x2  
  83  6:05  SCV  
  83  6:06  Marine  
  83  6:07  SCV x2  
  83  6:10  Marine x2  
  89  6:12  Missile Turret  
  89  6:17  SCV  
  89  6:18  Medivac  
  92  6:20  SCV  
  92  6:22  Marine x2  
  92  6:23  Medivac  
  92  6:24  Marine  
  99  6:28  Marine  
  99  6:30  Supply Depot x2  
  101  6:34  Marine  
  101  6:38  SCV  
  101  6:43  Supply Depot  
  101  6:46  SCV x2, Marine  
  101  6:48  Marine  
  101  6:51  Siege Tank, Marine x2, Medivac  
  101  6:53  Medivac  
  110  6:59  SCV x2  
  110  7:00  SCV, Combat Shields  
  113  7:03  Barracks  
  113  7:04  Supply Depot, Refinery  
  113  7:05  Barracks  
  113  7:07  Marine x3  
  116  7:09  Marine  
  116  7:13  Armory  
  116  7:14  SCV x2  
  119  7:18  SCV  
  120  7:23  Viking  
  120  7:26  SCV x2  
  124  7:32  SCV  
  122  7:38  SCV  
  122  7:39  Supply Depot  
  122  7:40  Supply Depot  
  122  7:43  Marine  
  122  7:44  Marine x4  
  124  7:45  SCV x2  
  124  7:50  Refinery  
  130  7:51  Barracks Reactor  
  130  7:52  Viking  
  130  7:57  Viking  
  133  7:59  Sensor Tower  
  133  8:01  Terran Infantry Armor Level 2  
  133  8:08  Terran Infantry Weapons Level 2  
  133  8:10  Marine x3  
  133  8:11  SCV, Command Center  
  137  8:15  Barracks Reactor, SCV x2  
  139  8:24  Supply Depot  
  139  8:25  Siege Tank  
  142  8:28  Marine  
  142  8:29  Marine x2  
  149  8:38  Supply Depot x2, Liberator x2  
  149  8:40  Marine x3, Terran Vehicle Weapons Level 1  
  149  8:41  Marine  
  148  8:46  Marine x2  
  148  8:47  Marine  
  153  8:52  Sensor Tower, SCV x2  
  153  8:53  SCV  
  158  9:06  SCV x2  
  158  9:07  Marine x5  
  165  9:12  Factory  
  165  9:14  SCV  
  166  9:17  Siege Tank  
  166  9:18  SCV  
  166  9:23  Planetary Fortress  
  169  9:26  SCV, Refinery  
  169  9:27  Marine  
  169  9:28  Marine x2, Refinery  
  169  9:30  SCV  
  175  9:32  Starport  
  169  9:46  SCV x2  
  169  9:49  SCV  
  169  9:50  Siege Tank  
  173  10:00  Viking x2  
  173  10:04  Factory Tech Lab  
  180  10:10  Starport Reactor  
  180  10:11  Marine x9  
  186  10:14  Command Center  
  186  10:18  Supply Depot, SCV x2  
  188  10:22  Siege Tank  
  188  10:23  SCV  
  188  10:25  Sensor Tower  
  190  10:29  Marine  
  190  10:30  SCV  
  190  10:35  Viking  
  196  10:36  Terran Infantry Weapons Level 3  
  196  10:40  Viking  
  194  10:55  Viking x2  
  197  10:59  SCV x3  
  197  11:02  Missile Turret  
  200  11:06  Starport  
  200  11:07  Terran Ship Weapons Level 1, Starport x2  
  200  11:08  Terran Infantry Armor Level 3  
  197  11:14  Command Center  
  197  11:24  SCV x2  
  195  11:27  Marine x2  
  195  11:28  Marine x3  
  188  11:37  SCV x2  
  184  11:40  SCV  
  183  11:55  Viking  
  183  11:59  Command Center  
  183  12:01  Refinery  
  187  12:02  Armory  
  187  12:03  Command Center  
  187  12:06  Viking  
  187  12:07  Starport Tech Lab  
  191  12:09  Starport Tech Lab  
  191  12:13  Starport Tech Lab  
  187  12:16  Starport Tech Lab  
  187  12:20  Refinery  
  186  12:25  Viking x2  
  186  12:26  Siege Tank x2  
  195  12:33  Raven x2  
  199  12:44  Planetary Fortress  
  199  12:49  Liberator x2  
  199  12:53  Terran Vehicle And Ship Armor Level 1  
  199  12:56  Fusion Core  
  192  13:13  Command Center x2, Building Armor  
  192  13:14  Missile Turret  
  192  13:17  Raven x2  
  196  13:28  Corvid Reactor, Raven  
  198  13:35  Command Center  
  198  13:36  Command Center  
  192  13:43  Missile Turret  
  192  13:46  Advanced Ballistics, Command Center x2  
  192  13:54  Terran Ship Weapons Level 2  
  192  14:02  Raven x2  
  183  14:21  Siege Tank x2  
  183  14:22  Raven  
  189  14:24  SCV x2  
  189  14:27  Ghost Academy  
  184  14:37  Medivac x2  
  186  14:45  Orbital Command x2  
  186  14:48  Barracks Reactor  
  186  14:50  SCV x3  
  189  14:55  Raven  
  189  14:56  Missile Turret, Viking, Raven  
  189  14:57  Missile Turret  
  189  14:58  Refinery  
  195  15:02  Refinery, Planetary Fortress  
  195  15:03  Missile Turret  
  195  15:05  Viking  
  197  15:09  Refinery  
  197  15:12  Liberator  
  197  15:13  Marine x4  
  197  15:14  Marine  
  197  15:32  Sensor Tower  
  197  15:34  Planetary Fortress  
  200  15:49  High Capacity Fuel Tanks  
  199  16:00  Terran Vehicle And Ship Armor Level 2  
  199  16:03  Refinery  
  199  16:05  Refinery  
  199  16:09  Missile Turret  
  199  16:10  Sensor Tower  
  199  16:14  Ghost  
  195  16:20  Siege Tank  
  195  16:21  Raven  
  197  16:37  Terran Ship Weapons Level 3  
  197  16:42  Marine x2  
  197  16:43  Marine  
  200  17:04  Missile Turret  
  200  17:07  Missile Turret x2  
  200  17:08  Missile Turret  
  200  17:09  Missile Turret  
  174  17:31  Siege Tank x2, Marine x3  
  174  17:33  Missile Turret  
  174  17:34  Missile Turret  
  174  17:35  Missile Turret  
  174  17:36  Raven x2  
  182  17:39  Marine x6  
  186  17:49  Marine x3  
  186  17:51  Raven x2  
  182  17:56  Marine x2  
  182  17:57  Marine x4  
  175  18:02  Liberator  
  175  18:03  Siege Tank x2  
  185  18:05  Missile Turret  
  185  18:07  Marine x3  
  185  18:10  Liberator  
  185  18:11  Liberator  
  185  18:14  Marine x4  
  185  18:19  Battlecruiser  
  198  18:21  Marine x2  
  200  18:30  SCV  
  200  18:34  Marine x2, Raven x2  
  192  18:42  SCV  
  192  18:47  Siege Tank x2  
  199  19:02  Medivac  
  198  19:10  Medivac  
  198  19:11  Missile Turret  
  198  19:12  Terran Vehicle Weapons Level 2  
  198  19:14  Terran Vehicle And Ship Armor Level 3  
  200  19:20  Sensor Tower  
  200  19:29  Medivac x2  
  200  19:30  Siege Tank x2  
  186  19:49  SCV  
  186  19:50  SCV x4  
  189  19:54  Medivac  
  189  19:55  Medivac, Battlecruiser  
  199  20:02  SCV  
  199  20:12  SCV x2  
  191  20:20  Raven x2  
  170  20:25  Marine x4  
  170  20:28  SCV  
  173  20:29  Siege Tank x2, Liberator x2, Raven  
  173  20:30  SCV x2  
  173  20:31  SCV  
  173  20:34  Command Center  
  173  20:35  Marine x5  
  172  20:43  Marine x4  
  172  20:45  SCV  
  172  20:46  SCV x4, Liberator  
  172  20:48  SCV  
  184  20:58  SCV x5  
  184  20:59  Liberator, Raven  
  184  21:01  Siege Tank x2  
  184  21:03  Raven  
  199  21:10  SCV  
  172  21:33  Marine x2  
  172  21:34  Marine x2  
  172  21:35  Marine x2  
  172  21:36  Marine  
  172  21:39  Marine x2  
  181  21:43  SCV  
  182  21:49  Raven  
  182  21:50  Raven x2  
  182  21:51  Marine x4  
  182  21:53  Marine  
  187  21:59  Marine x4  
  192  22:01  SCV x2  
  190  22:09  SCV x2, Marine  
  190  22:10  SCV  
  190  22:13  SCV  
  179  22:26  Marine x6  
  187  22:31  Raven  
  187  22:32  Raven x2  
  191  22:37  Ghost  
  190  22:47  SCV x2  
  190  22:49  Orbital Command  
  192  22:54  Planetary Fortress  
  192  22:56  Missile Turret  
  192  23:03  Sensor Tower  
  192  23:04  Raven  
  192  23:10  Medivac x2  
  193  23:14  Raven  
  193  23:19  Sensor Tower, Orbital Command  
  194  23:27  Marine x6  
  199  23:43  SCV x2  

Tags
 
Add a new tag
Caveats
  • Supply blocks, unpowered buildings, or Contaminate may cause inaccurate times.
  • Supply counts are checked every 10 seconds.